 Dungeon Crawl Stone Soup version 0.31-a0-221-gbddc013574 (webtiles) character file.

Game seed: 14532173708579234754

14085 ANON1729 the Fighter (level 11, 0/87 HPs)
             Began as a Mummy Monk on July 4, 2023.
             Was the Champion of Dithmenos.
             Slain by an orc wizard
             ... wielding a +2 demon blade of freezing
              (1 damage)
             ... on level 10 of the Dungeon.
             The game lasted 00:19:20 (12828 turns).

ANON1729 the Fighter (Mummy Monk)                  Turns: 12828, Time: 00:19:21

Health: 0/87       AC: 11    Str: 15    XL:     11   Next: 84%
Magic:  16/16      EV: 13    Int: 10    God:    Dithmenos [******]
Gold:   622        SH:  5    Dex: 18    Spells: 10/10 levels left

rFire   x . .        b - +4 great sword (vamp)
rCold   + . .        (shield currently unavailable)
rNeg    + + +        g - +0 scale mail
rPois   ∞            (no helmet)
rElec   .            A - +1 cloak
rCorr   .            w - +2 pair of gloves
SInv    .            (no boots)
Will    +....        m - amulet of reflection
Stlth   ++++         (no ring)
HPRegen 0.34/turn    (no ring)
MPRegen 0.15/turn

%: reflection, faith
@: wreathed by umbra
A: cold resistance 1, negative energy resistance 3, torment resistance 2, heat
vulnerability 1, in touch with death 1, no potions, faith
a: Renounce Religion, Shadow Step, Shadow Form


You were on level 10 of the Dungeon.
You worshipped Dithmenos.
Dithmenos was exalted by your worship.
You visited 1 branch of the dungeon, and saw 10 of its levels.
You also visited: Ossuary.

You collected 622 gold pieces.

Inventory:

Hand Weapons
 b - a +4 vampiric great sword (weapon)
Missiles
 e - 6 javelins
 f - 52 poisoned darts (quivered)
 B - 2 throwing nets
Armour
 g - a +0 scale mail (worn)
 w - a +2 pair of gloves (worn)
 A - a +1 cloak (worn)
Jewellery
 a - an amulet of magic regeneration
 m - an amulet of reflection (around neck)
 z - an amulet of guardian spirit
Wands
 j - a wand of mindburst (2)
 l - a wand of flame (7)
 r - a wand of roots (4)
 s - a wand of charming (12)
 C - a wand of digging (20)
Scrolls
 c - a scroll of revelation
 d - 3 scrolls of identify
 h - 5 scrolls of teleportation
 i - 2 scrolls of enchant armour
 k - 2 scrolls of poison
 n - 3 scrolls of amnesia
 p - a scroll of fog
 u - a scroll of silence
 v - a scroll of brand weapon
 x - 2 scrolls of immolation


   Skills:
 + Level 8.8 Fighting
 + Level 7.3 Long Blades
 + Level 7.2 Dodging
 + Level 7.1 Stealth
 + Level 7.5 Necromancy
 + Level 6.9 Invocations


You had 10 spell levels left.
You didn't know any spells.
Your spell library contained the following spells:

 Spells                   Type           Power      Damage    Failure   Level
 Freeze                   Ice            0%         1d3       85%         1
 Frozen Ramparts          Ice            0%         1d1       99%         3
 Hailstorm                Conj/Ice       0%         3d3       99%         3
 Fulminant Prism          Conj/Hex       0%         3d5       100%        4
 Petrify                  Tmut/Erth      0%         N/A       100%        4
 Irradiate                Conj/Tmut      0%         3d11      100%        5
 Silence                  Hex/Air        0%         N/A       100%        5
 Summon Hydra             Summ           0%         N/A       100%        7
 Sublimation of Blood     Necr           Unusable   N/A       N/A         2
 Wereblood                Tmut           Unusable   N/A       N/A         2

Dungeon Overview and Level Annotations

Branches:
Dungeon (10/15)            Temple (0/1) D:7         Ossuary (visited)
   Lair: D:8-11         Orc: D:9-12

Altars:
Cheibriados
Dithmenos
Gozag
Kikubaaqudgha
Sif Muna
Wu Jian
Xom
Yredelemnul

Annotations:
D:8 6 transporters


Innate Abilities, Weirdness & Mutations

You are immune to poison.
Your flesh is cold resistant. (rC+)
You are immune to negative energy. (rN+++)
You are immune to unholy pain and torment.
You are vulnerable to heat. (rF-)
You are in touch with the powers of death.
You do not drink.
You have a special connection with the divine. (Faith)


Message History

Something tries to affect you, but you resist.
The gnoll sergeant blocks your attack.
The gnoll sergeant is severely wounded.
The gnoll sergeant blocks your shadow's attack.
Something hits you!
The gnoll sergeant hits you with a +1 heavy spear!
* * * LOW HITPOINT WARNING * * *
Something hits you.
* * * LOW HITPOINT WARNING * * *
Unknown command.
You hit the gnoll sergeant but do no damage.
The gnoll sergeant is severely wounded.
The gnoll sergeant barely misses you. Something hits you.
* * * LOW HITPOINT WARNING * * *
Something freezes you.
* * * LOW HITPOINT WARNING * * *
Unknown command.
Unknown command.
Unknown command.
Okay, then.
You can't drink.
Aiming: Fastroot
Press: ? - help, Shift-Dir - straight line The roots erupt in riotous growth!
Roots grab something.
Roots grab the gnoll sergeant.
The grasping roots constrict something.
The grasping roots constrict the gnoll sergeant.
You hear some strange, mumbled words.
Something tries to affect you, but you resist.
You block the gnoll sergeant's attack.
You hit the gnoll sergeant.
You kill the gnoll sergeant!
Dithmenos accepts your kill.
The grasping roots constrict something!
Something hits you but does no damage.
You hear some strange, mumbled words.
Something tries to affect you, but you resist.
You miss something. Something hits you!
* * * LOW HITPOINT WARNING * * *
Something freezes you.
You die...

##.........(.
######..###.......
#......## .......
#....#.# .#....#
#.....)# .#.##.#
#...#### ##.# .#
#..## #..#
#{@#.#..# #..)...#
#....### #........
#......(.
#########


There were no monsters in sight!

Vanquished Creatures
  A boulder beetle (D:9)
  A two-headed ogre (D:10)
  Amaemon (D:8)
  Pikel (D:6)
  A wizard (D:9)
  A deep elf pyromancer (D:9)
  A manticore (D:9)
  Joseph (D:8)
  A gargoyle (D:8)
  An orange demon (D:8)
  Psyche (D:8)
  A hornet (D:9)
  A wind drake (shapeshifter) (D:10)
  Prince Ribbit (D:8)
  2 slime creatures (D:7)
  A shadow (D:10)
  20 yaks
  2 vampires (D:9)
  2 wyverns (D:9)
  A vampire mosquito (D:10)
  2 water moccasins
  2 ice beasts
  2 orc warriors
  4 centaurs
  2 ogres
  A lemure (D:6)
  2 phantoms (D:6)
  4 kobold brigands
  4 bullfrogs
  Blork the orc (D:6)
  2 scorpions (D:6)
  4 gnoll sergeants
  2 water moccasin zombies (Ossuary)
  6 wights
  6 killer bees
  4 howler monkeys
  2 bullfrog zombies (Ossuary)
  A human zombie (Ossuary)
  3 hounds
  An iron imp (D:7)
  A centaur zombie (Ossuary)
  Crazy Yiuf (D:7)
  7 jellies (D:7)
  6 orc priests
  2 sleepcaps
  A gnoll bouda (D:8)
  2 iguanas (D:4)
  A scorpion zombie (Ossuary)
  5 orc wizards
  An ogre zombie (Ossuary)
  13 gnolls
  4 adders
  A howler monkey simulacrum (D:9)
  2 ufetubi
  2 adder zombies (Ossuary)
  5 worms
  A dart slug (D:2)
  37 orcs
  3 bats
  7 endoplasms
  3 giant cockroaches
  7 goblins
  6 hobgoblins
  3 jackals (D:4)
  2 quokkas
  8 ball pythons
  3 frilled lizards
  A goblin zombie (Ossuary)
  2 hobgoblin zombies (Ossuary)
  23 kobolds
  4 orc zombies (Ossuary)
  4 rats
265 creatures vanquished.

Vanquished Creatures (collateral kills)
  A tengu warrior (D:9)
1 creature vanquished.

Vanquished Creatures (others)
  A jelly (D:5)
1 creature vanquished.

Grand Total: 267 creatures vanquished

Notes
Turn   | Place    | Note
-------+----------+-------------------------------------------
     0 | D:1      | ANON1729 the Mummy Monk began the quest for the Orb.
     0 | D:1      | Reached XP level 1. HP: 18/18 MP: 1/1
   370 | D:1      | Reached XP level 2. HP: 19/24 MP: 2/2
  1075 | D:2      | Gained mutation: You are in touch with the powers of death.
                  | [Mummy growth]
  1075 | D:2      | Reached XP level 3. HP: 29/29 MP: 3/3
  1398 | D:2      | Found a faded altar of an unknown god.
  1960 | D:2      | Prayed at the altar of an unknown god.
  1960 | D:2      | Became a worshipper of Dithmenos the Shadowed
  1960 | D:2      | Reached * piety under Dithmenos
  1960 | D:2      | Reached ** piety under Dithmenos
  2069 | D:3      | Reached *** piety under Dithmenos
  2070 | D:3      | Reached XP level 4. HP: 25/37 MP: 4/4
  2254 | D:3      | Found a basalt altar of Yredelemnul.
  2606 | D:3      | Found an ancient bone altar of Kikubaaqudgha.
  2979 | D:4      | Found an opulent altar of Gozag.
  3239 | D:4      | Reached skill level 1 in Necromancy
  3239 | D:4      | Reached XP level 5. HP: 39/42 MP: 5/5
  3262 | D:4      | Reached skill level 4 in Fighting
  3262 | D:4      | Reached skill level 1 in Stealth
  3316 | D:4      | Reached skill level 1 in Invocations
  3632 | D:4      | Reached **** piety under Dithmenos
  3814 | D:5      | Entered Level 5 of the Dungeon
  3889 | D:5      | Found a shimmering altar of Xom.
  3980 | D:5      | Noticed an ogre
  4011 | D:5      | Killed an ogre
  4012 | D:5      | Reached XP level 6. HP: 13/49 MP: 7/7
  4517 | D:5      | Noticed a water moccasin
  4521 | D:5      | Killed a water moccasin
  4522 | D:5      | Reached XP level 7. HP: 55/55 MP: 8/8
  5020 | D:6      | Noticed Blork the orc
  5188 | D:6      | Killed Blork the orc
  5196 | D:6      | Found a sand-covered staircase.
  5297 | Ossuary  | Entered an ossuary
  5434 | Ossuary  | Reached skill level 5 in Fighting
  5646 | Ossuary  | Reached XP level 8. HP: 46/62 MP: 10/10
  5706 | Ossuary  | Noticed a silent spectre
  6418 | D:7      | Noticed Pikel
  6463 | D:7      | Found a runed translucent door.
  6464 | D:7      | Noticed Crazy Yiuf
  6469 | D:7      | Killed Crazy Yiuf
  6823 | D:6      | Killed Pikel
  6824 | D:6      | Reached skill level 6 in Fighting
  6824 | D:6      | Reached skill level 5 in Long Blades
  6824 | D:6      | Reached XP level 9. HP: 38/69 MP: 10/12
  6929 | D:7      | Reached skill level 5 in Dodging
  6935 | D:7      | Reached ***** piety under Dithmenos
  7092 | D:7      | Found a staircase to the Ecumenical Temple.
  7117 | D:7      | HP: 3/69 [orc warrior/+0 trident (4)]
  7474 | D:7      | Reached skill level 5 in Necromancy
  8043 | D:7      | Found a snail-covered altar of Cheibriados.
  8239 | D:8      | Noticed Joseph
  8257 | D:7      | Reached skill level 5 in Stealth
  8328 | D:8      | Killed Joseph
  8329 | D:8      | Reached XP level 10. HP: 54/77 MP: 13/13
  8334 | D:8      | Reached skill level 5 in Invocations
  8490 | D:8      | Noticed a gargoyle
  8587 | D:8      | Killed a gargoyle
  8588 | D:8      | Reached skill level 7 in Fighting
  8702 | D:8      | Found a transporter.
  8703 | D:8      | Found a transporter.
  8716 | D:8      | Noticed Prince Ribbit
  8725 | D:8      | Killed Prince Ribbit
  8920 | D:8      | Noticed Amaemon
  8924 | D:8      | Noticed an orange demon
  8925 | D:8      | Noticed Psyche
  8928 | D:8      | Killed Amaemon
  8936 | D:8      | Killed an orange demon
  9382 | D:8      | Found a transporter.
  9383 | D:8      | Found a transporter.
  9522 | D:8      | Killed Psyche
  9686 | D:8      | Found a transporter.
  9690 | D:8      | Found a transporter.
 10162 | D:9      | Noticed a boulder beetle
 10694 | D:9      | Noticed a wizard
 10694 | D:9      | Noticed a deep elf pyromancer
 10696 | D:9      | HP: 3/79 [centaur (1)]
 10929 | D:9      | Noticed a tengu warrior
 10929 | D:9      | Noticed a manticore
 11140 | D:9      | Killed a manticore
 11250 | D:9      | Killed a wizard
 11328 | D:9      | Killed a tengu warrior
 11329 | D:9      | Reached XP level 11. HP: 12/86 MP: 15/15
 11598 | D:9      | Reached ****** piety under Dithmenos
 11599 | D:9      | Reached skill level 8 in Fighting
 11700 | D:9      | Found a shimmering blue altar of Sif Muna.
 11812 | D:9      | Killed a deep elf pyromancer
 11826 | D:9      | Killed a boulder beetle
 11894 | D:9      | Got the Incunable of Obstruction
 12550 | D:9      | Found an ornate altar of the Wu Jian Council.
 12632 | D:10     | Entered Level 10 of the Dungeon
 12649 | D:10     | Noticed a two-headed ogre
 12719 | D:10     | Noticed a two-headed ogre
 12734 | D:10     | Killed a two-headed ogre
 12776 | D:10     | Noticed a swamp dragon
 12795 | D:10     | a swamp dragon changed into a komodo dragon
 12828 | D:10     | HP: 1/87 [something (11)]
 12828 | D:10     | Slain by an orc wizard

Illustrated notes

Levels and vault maps discovered:
D:1:      shiori_arrival_oz, layout_basic
D:2:      layout_loops_ring, hellmonk_ecumenical_altar_inner_sanctum,
          roderic_lattice_a
D:3:      layout_loops_ring, lemuel_crystal_altar, mainiacjoe_overflow_catwalk
D:4:      layout_gridville, elyvilon_altar_1, general_overflow_altar,
          minmay_misc_feat_iff
D:5:      layout_loops_ring, mainiacjoe_overflow_tiny_flanked
D:6:      layout_cave_pools, nicolae_ossuary_entry_false_entrances,
          uniq_blork_the_orc
D:7:      cheibrodos_fertilizer, layout_rooms, chei_slow_surprise,
          minmay_temple_entry_statues_fountains, uniq_pikel,
          uniq_crazy_yiuf_cottage
D:8:      layout_basic, minmay_misc_feat_nine_boxes, serial_nicolae_subway,
          nicolae_sub_station_metal, nicolae_sub_station_crystal,
          nicolae_sub_station_stone, uniq_amaemon, uniq_psyche,
          uniq_prince_ribbit1, uniq_joseph
D:9:      minmay_diamond_stairs, layout_long_grid,
          nicolae_sif_muna_condensation, pdpol_wu_jian_five_deadly_venoms,
          minmay_variable_closet, amethyst_killhole, minmay_fractal_squares_5
D:10:     layout_basic, lemuel_crystal_altar, jmf_multi_god_temple2,
          enter_bailey_7, ebering_ghost_rock_garden, grunt_ministairs_14,
          minmay_bent, uniq_sonja, uniq_snorg

Skill      XL: |  1  2  3  4  5  6  7  8  9 10 11 |
---------------+----------------------------------+-----
Dodging        | 3 4 5 6 7 |  7.2
Long Blades    | 3 4 5 6 7 |  7.3
Necromancy     | 1 2 3 4 5 6 7 |  7.5
Fighting       | 4 5 6 7 8 |  8.8
Stealth        | 1 2 4 5 6 7 |  7.1
Invocations    | 1 2 4 6 |  6.9

Action                     |  1- 3 |  4- 6 |  7- 9 | 10-12 || total
---------------------------+-------+-------+-------+-------++-------
  Melee: Falchion          |   112 |   207 |   151 |       ||   470
         Punch             |       |     3 |     1 |       ||     4
         Great sword       |       |       |   177 |   353 ||   530
  Throw: Dart              |       |       |       |    17 ||    17
  Evoke: Wand              |       |     5 |     5 |    15 ||    25
    Use: Scroll            |       |     8 |     7 |     8 ||    23
   Stab: Distracted        |       |       |     2 |     1 ||     3
         Sleeping          |       |       |     1 |     2 ||     3
 Armour: Scale mail        |    45 |    74 |   174 |   163 ||   456
         Robe              |     1 |       |       |       ||     1
  Dodge: Dodged            |    57 |   107 |   259 |   251 ||   674
  Block: Other             |       |    28 |   119 |   111 ||   258
         Reflection        |       |       |     3 |     7 ||    10

Table legend: (Time is in decaauts)
 A = Elapsed time spent in this place.
 B = Non-inter-level travel time spent in this place.
 C = Inter-level travel time spent in this place.
 D = Time resting spent in this place.
 E = Time spent auto-exploring this place.
 F = Levels seen in this place.
 G = Mean time per level.
                   A        B        C        D        E       F      G
               +--------+--------+--------+--------+--------+-----+--------+
         Total |  13119 |  12612 |    507 |   2825 |   7190 |  11 | 1192.6 |
       Dungeon |  12501 |  11994 |    507 |   2707 |   6959 |  10 | 1250.1 |
       Ossuary |    618 |    618 |      0 |    118 |    231 |   1 |  618.0 |
               +--------+--------+--------+--------+--------+-----+--------+

Top non-repeatable levels by time:
     D:8: 2223 daAuts
     D:9: 2076 daAuts
     D:7: 1515 daAuts
     D:5: 1308 daAuts
     D:6: 1296 daAuts
     D:1: 1002 daAuts
     D:2: 995 daAuts
     D:3: 971 daAuts
     D:4: 941 daAuts
 Ossuary: 618 daAuts
    D:10: 167 daAuts
